% Time on Ice - VANCOUVER VOODOO
Lines # - Real PCT - Wanted PCT - Time Play
Normal Forward
1 - 31% - 36% - 15:29
2 - 34% - 36% - 16:50
3 - 29% - 24% - 14:38
4 - 6% - 4% - 3:03
Normal Defense
1 - 36% - 39% - 17:45
2 - 36% - 35% - 18:11
3 - 28% - 26% - 14:04
4 - 0% - 0% - 0:00
PP Forward
1 - 56% - 53% - 2:13
2 - 44% - 47% - 1:45
PP Defense
1 - 46% - 53% - 1:50
2 - 54% - 47% - 2:08
PK Forward
1 - 84% - 60% - 4:59
2 - 16% - 40% - 0:58
PK Defense
1 - 46% - 53% - 2:45
2 - 54% - 47% - 3:12
PK3 Forward
1 - 0% - 55%
2 - 0% - 45%
PK3 Defense
1 - 0% - 52%
2 - 0% - 48%
44 Forward
1 - 0% - 51%
2 - 0% - 49%
44 Defense
1 - 0% - 52%
2 - 0% - 48%
Last Minute Offensive  - 0:05
Last Minute Defensive  - 0:00
Total
Forward - 60:00
Defense - 60:00
% Time on Ice - LONG BEACH BARACUDAS
Lines # - Real PCT - Wanted PCT - Time Play
Normal Forward
1 - 37% - 39% - 18:10
2 - 31% - 33% - 15:21
3 - 19% - 20% - 9:39
4 - 13% - 8% - 6:30
Normal Defense
1 - 33% - 36% - 16:24
2 - 36% - 31% - 17:46
3 - 27% - 23% - 13:15
4 - 5% - 10% - 2:15
PP Forward
1 - 45% - 52% - 2:40
2 - 55% - 48% - 3:17
PP Defense
1 - 61% - 52% - 3:36
2 - 39% - 48% - 2:21
PK Forward
1 - 56% - 55% - 2:14
2 - 44% - 45% - 1:44
PK Defense
1 - 67% - 55% - 2:39
2 - 33% - 45% - 1:19
PK3 Forward
1 - 0% - 55%
2 - 0% - 45%
PK3 Defense
1 - 0% - 55%
2 - 0% - 45%
44 Forward
1 - 0% - 55%
2 - 0% - 45%
44 Defense
1 - 0% - 55%
2 - 0% - 45%
Last Minute Offensive  - 0:00
Last Minute Defensive  - 0:25
Total
Forward - 60:00
Defense - 60:00
Play-by-Play 1st period 0:01 of 1st period - Sean Couturier wins face-off versus William Karlsson in neutral zone. 0:01 of 1st period - Patrick Kane is hit by Sam Reinhart and loses puck. 0:08 of 1st period - Minor Penalty to Connor Clifton for Holding. 0:09 of 1st period - Sean Couturier wins face-off versus Teuvo Teravainen in LONG BEACH BARACUDAS zone. 0:15 of 1st period - Off-side. 0:16 of 1st period - Joshua Norris wins face-off versus Ryan O'Reilly in neutral zone. 0:46 of 1st period - Icing by Joshua Norris. 0:47 of 1st period - Ryan O'Reilly wins face-off versus Joshua Norris in VANCOUVER VOODOO zone. 1:26 of 1st period - Shot by Jonathan Drouin. 1:26 of 1st period - Shot Misses the Net. 1:40 of 1st period - Shot by Sean Couturier. 1:40 of 1st period - Shot Misses the Net. 1:56 of 1st period - Shot by Patrick Kane. 1:56 of 1st period - Shot Blocked by Scott Harrington. 2:03 of 1st period - Icing by Jonathan Drouin. 2:04 of 1st period - Patrick Kane wins face-off versus Seth Jarvis in VANCOUVER VOODOO zone. 2:06 of 1st period - Icing by Sean Couturier. 2:07 of 1st period - Teuvo Teravainen wins face-off versus Sean Couturier in VANCOUVER VOODOO zone. 2:10 of 1st period - Shot by Sam Reinhart. 2:10 of 1st period - Stopped by Filip Gustavsson with a rebound. 2:13 of 1st period - Icing by Jordan Harris. 2:14 of 1st period - Joshua Norris wins face-off versus Nico Hischier in VANCOUVER VOODOO zone. 2:49 of 1st period - Seth Jarvis is hit by Joshua Norris and loses puck. 3:33 of 1st period - Shot by Kyle Connor. 3:33 of 1st period - Shot Misses the Net. 3:35 of 1st period - Shot by William Karlsson. 3:35 of 1st period - Stopped by Filip Gustavsson without a rebound. 3:36 of 1st period - Christian Dvorak wins face-off versus Ryan O'Reilly in VANCOUVER VOODOO zone. 3:54 of 1st period - Minor Penalty to Alexander Edler for Holding Stick. 3:55 of 1st period - Nico Hischier wins face-off versus Christian Dvorak in VANCOUVER VOODOO zone. 5:46 of 1st period - Icing by Ryan O'Reilly. 5:47 of 1st period - Christian Dvorak wins face-off versus Teuvo Teravainen in LONG BEACH BARACUDAS zone. 7:21 of 1st period - Shot by Rafael Harvey-Pinard. 7:21 of 1st period - Stopped by Pyotr Kochetkov without a rebound. 7:22 of 1st period - Nico Hischier wins face-off versus Christian Dvorak in LONG BEACH BARACUDAS zone. 7:39 of 1st period - Shot by Christian Dvorak. 7:39 of 1st period - Deflect By Josh Anderson. 7:39 of 1st period - Shot Misses the Net. 8:32 of 1st period - Shot by Alex Newhook. 8:32 of 1st period - Shot Blocked by Nathan Beaulieu. 8:34 of 1st period - Shot by Alexander Romanov. 8:34 of 1st period - Shot Misses the Net. 9:14 of 1st period - Icing by Connor Clifton. 9:15 of 1st period - Joshua Norris wins face-off versus Ryan O'Reilly in LONG BEACH BARACUDAS zone. 9:19 of 1st period - Icing by Ryan O'Reilly. 9:20 of 1st period - Ryan O'Reilly wins face-off versus Rafael Harvey-Pinard in LONG BEACH BARACUDAS zone. 9:24 of 1st period - Off-side. 9:25 of 1st period - Sean Couturier wins face-off versus William Karlsson in neutral zone. 9:32 of 1st period - Shot by Patrick Kane. 9:32 of 1st period - Stopped by Pyotr Kochetkov without a rebound. 9:33 of 1st period - William Karlsson wins face-off versus Sean Couturier in LONG BEACH BARACUDAS zone. 9:42 of 1st period - Shot by Sean Couturier. 9:42 of 1st period - Shot Blocked by Zachary Werenski. 9:52 of 1st period - Shot by Patrick Kane. 9:52 of 1st period - Deflect By Jonathan Drouin. 9:52 of 1st period - Stopped by Pyotr Kochetkov without a rebound. 9:53 of 1st period - Joshua Norris wins face-off versus Teuvo Teravainen in LONG BEACH BARACUDAS zone. 11:15 of 1st period - Shot by William Karlsson. 11:15 of 1st period - Shot Misses the Net. 12:28 of 1st period - Sean Couturier is hit by Torey Krug. 12:40 of 1st period - Patrick Kane is hit by Torey Krug. 12:56 of 1st period - Shot by Tom Wilson. 12:56 of 1st period - Shot Misses the Net. 13:16 of 1st period - Josh Anderson is hit by Torey Krug and loses puck. 13:50 of 1st period - Alex Newhook is hit by Kyle Connor and loses puck. 14:09 of 1st period - Shot by Kyle Connor. 14:09 of 1st period - Shot Blocked by Jordan Harris. 14:44 of 1st period - Shot by Seth Jarvis. 14:44 of 1st period - Shot Blocked by Michael Pezzetta. 14:46 of 1st period - Shot by Jaden Schwartz. 14:46 of 1st period - Stopped by Filip Gustavsson with a rebound. 14:50 of 1st period - Shot by Seth Jarvis. 14:50 of 1st period - Stopped by Filip Gustavsson without a rebound. 14:51 of 1st period - Christian Dvorak wins face-off versus Ryan O'Reilly in VANCOUVER VOODOO zone. 15:04 of 1st period - Shot by Christian Dvorak. 15:04 of 1st period - Shot Blocked by Nathan Beaulieu. 15:15 of 1st period - Ryan O'Reilly is hit by Braden Schneider and loses puck. 15:24 of 1st period - Shot by Ryan O'Reilly. 15:24 of 1st period - Stopped by Filip Gustavsson without a rebound. 15:25 of 1st period - Joshua Norris wins face-off versus Nico Hischier in VANCOUVER VOODOO zone. 16:22 of 1st period - Shot by Christian Dvorak. 16:22 of 1st period - Goal by Christian Dvorak - VANCOUVER VOODOO : 1 - LONG BEACH BARACUDAS : 0. 16:23 of 1st period - Christian Dvorak wins face-off versus William Karlsson in neutral zone. 16:26 of 1st period - Sam Reinhart is hit by Josh Anderson and loses puck. 16:37 of 1st period - Shot by Sam Reinhart. 16:37 of 1st period - Deflect By Kyle Connor. 16:37 of 1st period - Stopped by Filip Gustavsson without a rebound. 16:38 of 1st period - Sean Couturier wins face-off versus Ryan O'Reilly in VANCOUVER VOODOO zone. 16:47 of 1st period - Shot by Jonathan Drouin. 16:47 of 1st period - Stopped by Pyotr Kochetkov without a rebound. 16:48 of 1st period - William Karlsson wins face-off versus Christian Dvorak in LONG BEACH BARACUDAS zone. 16:48 of 1st period - William Karlsson is hit by Josh Anderson. 16:51 of 1st period - Icing by Sam Reinhart. 16:52 of 1st period - William Karlsson wins face-off versus Sean Couturier in LONG BEACH BARACUDAS zone. 17:12 of 1st period - Icing by Zachary Werenski. 17:13 of 1st period - William Karlsson wins face-off versus Joshua Norris in LONG BEACH BARACUDAS zone. 17:20 of 1st period - Shot by Kyle Connor. 17:20 of 1st period - Stopped by Filip Gustavsson without a rebound. 17:21 of 1st period - Nico Hischier wins face-off versus Sean Couturier in VANCOUVER VOODOO zone. 17:43 of 1st period - Sean Couturier is hit by Calvin De Haan and loses puck. 17:57 of 1st period - Sean Couturier is hit by Calvin De Haan and loses puck. 18:48 of 1st period - Shot by Nicolas Roy. 18:48 of 1st period - Stopped by Pyotr Kochetkov without a rebound. 18:49 of 1st period - William Karlsson wins face-off versus Christian Dvorak in LONG BEACH BARACUDAS zone. 19:01 of 1st period - Icing by Zachary Werenski. 19:02 of 1st period - Sean Couturier wins face-off versus William Karlsson in LONG BEACH BARACUDAS zone. 19:09 of 1st period - Shot by Sean Couturier. 19:09 of 1st period - Stopped by Pyotr Kochetkov without a rebound. 19:10 of 1st period - William Karlsson wins face-off versus Christian Dvorak in LONG BEACH BARACUDAS zone. 19:54 of 1st period - Shot by Kyle Connor. 19:54 of 1st period - Stopped by Filip Gustavsson without a rebound. 19:55 of 1st period - Sean Couturier wins face-off versus Teuvo Teravainen in VANCOUVER VOODOO zone. Goals for this period are 1 for VANCOUVER VOODOO vs 0 for LONG BEACH BARACUDAS. Shots for this period are 7 for VANCOUVER VOODOO vs 8 for LONG BEACH BARACUDAS. 2nd period 0:01 of 2nd period - Sean Couturier wins face-off versus Sam Reinhart in neutral zone. 0:18 of 2nd period - Shot by Patrick Kane. 0:18 of 2nd period - Stopped by Pyotr Kochetkov with a rebound. 0:20 of 2nd period - Shot by Sean Couturier. 0:20 of 2nd period - Stopped by Pyotr Kochetkov without a rebound. 0:21 of 2nd period - Ryan O'Reilly wins face-off versus Joshua Norris in LONG BEACH BARACUDAS zone. 1:06 of 2nd period - Nicolas Roy is hit by Brock Boeser and loses puck. 2:10 of 2nd period - Icing by Ryan O'Reilly. 2:11 of 2nd period - Ryan O'Reilly wins face-off versus Josh Anderson in LONG BEACH BARACUDAS zone. 2:11 of 2nd period - Ryan O'Reilly is hit by Christian Dvorak. 2:38 of 2nd period - Shot by Josh Bailey. 2:38 of 2nd period - Stopped by Pyotr Kochetkov without a rebound. 2:39 of 2nd period - Joshua Norris wins face-off versus William Karlsson in LONG